 Dungeon Crawl Stone Soup version 0.23-a0-309-ge7838e6 (webtiles) character file.

7091 galech the Cleaver (level 10, -2/76 (77) HPs)
             Began as a Demonspawn Fighter on Oct 11, 2018.
             Was an Elder of Okawaru.
             Slain by a yak (8 damage)
             ... on level 9 of the Dungeon.
             The game lasted 00:14:19 (9889 turns).

galech the Cleaver (Demonspawn Fighter)             Turns: 9889, Time: 00:14:19

HP:   -2/76 (77)    AC: 15    Str: 16    XL:     10   Next: 84%
MP:   10/10         EV:  9    Int: 12    God:    Okawaru [****..]
Gold: 265           SH: 11    Dex: 17    Spells: 9/9 levels left

rFire    . . .     SeeInvis .   a - +0 war axe
rCold    . . .     Gourm    .   c - +0 shield
rNeg     . . .     Faith    .   w - +0 chain mail
rPois    .         Spirit   .   g - +0 helmet
rElec    .         Reflect  .   (no cloak)
rCorr    .         Harm     .   (no gloves)
MR       .....                  F - +2 pair of boots
Stlth    ..........             u - amulet of regeneration
HPRegen  0.62/turn              H - +3 ring of intelligence
MPRegen  0.12/turn              (no ring)

@: no status effects
A: hooves 1, repulsion field 1, demonic guardian 1, spiny 1
a: Heroism, Renounce Religion


You were on level 9 of the Dungeon.
You worshipped Okawaru.
Okawaru was greatly pleased with you.
You were hungry.

You visited 2 branches of the dungeon, and saw 10 of its levels.
You also visited: Ossuary.

You collected 436 gold pieces.
You spent 171 gold pieces at shops.

Inventory:

Hand Weapons
 a - a +0 war axe (weapon)
Armour
 c - a +0 shield (worn)
 g - a +0 helmet (worn)
 w - a +0 chain mail (worn)
 F - a +2 pair of boots (worn)
Jewellery
 u - an amulet of regeneration (around neck)
 C - an uncursed amulet of rage
 H - a +3 ring of intelligence (left hand)
 J - an uncursed ring of see invisible {unknown}
Wands
 b - a wand of enslavement (10)
 p - a wand of acid (7)
 I - a wand of random effects (20)
Scrolls
 e - 8 scrolls of enchant weapon
 i - a scroll of fear
 k - a scroll of fog
 n - 5 scrolls of noise
 o - 8 scrolls of remove curse
 v - 3 scrolls of random uselessness
 y - 4 scrolls of magic mapping
 z - a scroll of amnesia
 B - 7 scrolls of teleportation {unknown}
 D - 2 scrolls of enchant armour {unknown}
 E - 2 scrolls of identify
Potions
 d - a potion of might
 h - 2 potions of resistance {unknown}
 j - a potion of mutation {unknown}
 l - 7 potions of curing
 m - 2 potions of brilliance {unknown}
 q - a potion of invisibility {unknown}
 r - 2 potions of haste
 s - 3 potions of flight {unknown}
 t - 7 potions of degeneration {unknown}
 x - a potion of berserk rage {unknown}
 A - 3 potions of agility {unknown}
Comestibles
 f - 12 rations
 G - 10 chunks of flesh


   Skills:
 + Level 6.8 Fighting
 + Level 10.2 Axes
 + Level 7.1 Armour
 + Level 3.3 Dodging
 + Level 2.0 Stealth
 + Level 7.0 Shields


You had 9 spell levels left.
You didn't know any spells.
Your spell library contained the following spells:

 Spells                   Type           Power        Failure   Level  Hunger
 Animate Skeleton         Necr           N/A          100%        1    ##.....
 Apportation              Tloc           #.....       100%        1    ##.....
 Confusing Touch          Hex            #.....       100%        1    ##.....
 Summon Small Mammal      Summ           #...         100%        1    ##.....


Dungeon Overview and Level Annotations

Branches:
Dungeon (9/15)             Temple (1/1) D:7            Lair (0/6) D:8
    Orc: D:9-12

Altars:
Ashenzari
Cheibriados
Dithmenos
Elyvilon
Fedhas
Gozag
Hepliaklqana
Kikubaaqudgha
Makhleb
Nemelex Xobeh
Okawaru
Qazlal
Ru
Sif Muna
Trog
Uskayaw
Vehumet
Wu Jian
Xom
Yredelemnul
Zin
The Shining One

Shops:
D:6 ?   D:7 !   D:9 (%


Innate Abilities, Weirdness & Mutations

You have large cloven feet.
You are surrounded by a mild repulsion field. (EV +2)
A weak demonic guardian rushes to your aid.
You are partially covered in sharp spines.


Message History

You slash the yak!
You kill the yak!
Okawaru accepts your kill.
You barely miss the yak. The yak is struck by your spines.
The yak gores you but does no damage.
You hit the yak but do no damage.
The yak is lightly wounded.
You block the yak's attack.
You hit the yak but do no damage.
The yak is lightly wounded.
The yak gores you!
* * * LOW HITPOINT WARNING * * *
You barely miss the yak.
The yak is lightly wounded.
The yak gores you!
* * * LOW HITPOINT WARNING * * *
You slash the yak!
The yak is heavily wounded.
The yak is struck by your spines. The yak gores you!
You die...

..###########Y..........
........................
............Y...........
........................
..............).........
............))÷.####'###
..#####.######..#.......
#Y# #..#....... #@#
#..#....... #5#
#..#######' #5#
#.......p.. #.+
#.######'#.
#.######.#......#.
#........#..p...#.
#........#.....##.
#........#.....#.<
.......§§#######..


You could see a yak, a friendly shadow imp and a friendly ufetubus.

Vanquished Creatures
  Pikel (D:9)
  A komodo dragon (D:8)
  A hornet (D:8)
  2 hippogriffs
  8 yaks (D:9)
  A basilisk (D:8)
  An acid dragon (D:8)
  2 water moccasins
  2 ice beasts
  A black bear (D:4)
  A sky beast (D:6)
  2 phantoms
  4 centaurs
  An eye of draining (D:9)
  2 ogres
  A gnoll sergeant (D:9)
  2 bullfrogs
  A water moccasin zombie (Ossuary)
  A water moccasin skeleton (D:8)
  2 scorpions
  4 howler monkeys
  4 crimson imps
  A centaur zombie (D:8)
  A bullfrog zombie (D:6)
  2 quasits
  4 orc priests
  2 hounds
  3 jellies
  A centaur skeleton (D:6)
  Jessica (D:3)
  4 bullfrog skeletons
  3 iguanas
  Natasha (thrice) (D:3)
  6 orc wizards
  3 worker ants
  A big kobold zombie (Ossuary)
  A hound zombie (D:5)
  A hound skeleton (D:3)
  2 mummies (Ossuary)
  Robin (D:2)
  5 adders
  7 gnolls
  A shadow imp (D:8)
  5 oozes (D:3)
  2 adder zombies (Ossuary)
  2 adder skeletons
  3 worms
  A dart slug (D:3)
  7 leopard geckos
  23 orcs
  3 giant cockroaches
  2 gnoll zombies (Ossuary)
  13 goblins
  6 hobgoblins
  2 jackals (D:5)
  4 quokkas
  A ball python (D:5)
  9 bats
  8 frilled lizards
  6 hobgoblin zombies (Ossuary)
  15 kobolds
  5 kobold zombies (Ossuary)
  A leopard gecko zombie (D:9)
  5 orc zombies (Ossuary)
  A quokka skeleton (D:5)
  2 quokka zombies
  10 rats
234 creatures vanquished.

Vanquished Creatures (collateral kills)
  A two-headed ogre (D:8)
  Sigmund (D:5)
  2 wyverns (D:8)
  Duvessa (D:4)
  A phantom (D:5)
  2 necrophages
  An ogre (D:4)
  Dowan (D:4)
  A crimson imp (D:9)
  3 jellies
  2 hounds
  2 adders
  A shadow imp (D:8)
  An ooze (D:3)
  2 orcs (D:4)
22 creatures vanquished.

Vanquished Creatures (others)
  A hippogriff (D:9)
  A slave (D:9)
  A jelly (D:9)
  An orc priest (D:9)
  A gnoll (D:9)
  10 toadstools (D:3)
15 creatures vanquished.

Grand Total: 271 creatures vanquished

Notes
Turn   | Place    | Note
-------+----------+-------------------------------------------
     0 | D:1      | galech the Demonspawn Fighter began the quest for the Orb.
     0 | D:1      | Reached XP level 1. HP: 18/18 MP: 1/1
   308 | D:1      | Gained mutation: A weak demonic guardian rushes to your
                  | aid. [demonic ancestry]
   308 | D:1      | Reached XP level 2. HP: 22/24 MP: 2/2
   465 | D:1      | Reached skill level 2 in Axes
   656 | D:2      | Reached XP level 3. HP: 28/29 MP: 3/3
   998 | D:2      | Found a faded altar of an unknown god.
  1054 | D:2      | Noticed Robin
  1388 | D:2      | Gained mutation: You are surrounded by a mild repulsion
                  | field. (EV +2) [demonic ancestry]
  1388 | D:2      | Reached XP level 4. HP: 22/35 MP: 4/4
  1879 | D:2      | Killed Robin
  2044 | D:3      | Noticed Natasha
  2058 | D:3      | Killed Natasha
  2058 | D:3      | Reached skill level 3 in Axes
  2058 | D:3      | Reached skill level 1 in Dodging
  2058 | D:3      | Reached XP level 5. HP: 20/41 MP: 5/5
  2293 | D:3      | Noticed Jessica
  2298 | D:3      | Killed Jessica
  2898 | D:3      | Reached XP level 6. HP: 34/47 MP: 6/6
  3270 | D:3      | Noticed Natasha
  3280 | D:3      | Killed Natasha
  3280 | D:3      | Reached skill level 4 in Axes
  3389 | D:3      | Noticed Natasha
  3405 | D:3      | Killed Natasha
  3433 | D:3      | Found a hazy altar of Hepliaklqana.
  3433 | D:3      | Found a snail-covered altar of Cheibriados.
  3438 | D:3      | Found a shattered altar of Ashenzari.
  3440 | D:3      | Found a glowing golden altar of the Shining One.
  3441 | D:3      | Found a bloodstained altar of Trog.
  3603 | D:4      | Found a shadowy altar of Dithmenos.
  3657 | D:4      | Noticed Duvessa
  3659 | D:4      | Noticed Dowan
  3700 | D:5      | Entered Level 5 of the Dungeon
  3782 | D:4      | Killed Duvessa
  3783 | D:4      | Killed Dowan
  3783 | D:4      | Reached XP level 7. HP: 40/53 MP: 7/7
  3844 | D:4      | Reached skill level 5 in Axes
  3887 | D:4      | Found a burning altar of Makhleb.
  3887 | D:4      | Noticed a blizzard demon
  4997 | D:5      | Reached XP level 8. HP: 61/61 MP: 8/8
  5236 | D:5      | Reached skill level 6 in Axes
  5579 | D:5      | Found a sparkling altar of Nemelex Xobeh.
  5586 | D:5      | Reached skill level 5 in Armour
  5673 | D:5      | Reached skill level 5 in Fighting
  5744 | D:5      | Noticed Sigmund
  5755 | D:5      | Killed Sigmund
  5755 | D:5      | Reached skill level 5 in Shields
  5794 | D:5      | Reached skill level 7 in Axes
  6415 | D:6      | Found Poumad's Magic Scroll Emporium.
  6423 | D:6      | Bought 2 scrolls of identify for 52 gold pieces
  6423 | D:6      | Bought a scroll of magic mapping for 45 gold pieces
  6423 | D:6      | Bought a scroll of identify for 26 gold pieces
  6497 | D:6      | Gained mutation: You are partially covered in sharp spines.
                  | [demonic ancestry]
  6497 | D:6      | Reached XP level 9. HP: 34/68 MP: 9/9
  6615 | D:6      | Reached skill level 1 in Stealth
  6961 | D:7      | Found a sand-covered staircase.
  6968 | Ossuary  | Entered an ossuary
  7552 | D:7      | Found Panoesip's Distillery.
  7559 | D:7      | Bought a potion of curing for 48 gold pieces
  7750 | D:7      | Found a staircase to the Ecumenical Temple.
  7848 | Temple   | Entered the Ecumenical Temple
  7892 | Temple   | Became a worshipper of Warmaster Okawaru
  8220 | D:7      | Reached skill level 8 in Axes
  8393 | D:8      | Noticed a komodo dragon
  8407 | D:8      | Killed a komodo dragon
  8407 | D:8      | Reached * piety under Okawaru
  8495 | D:8      | Reached skill level 9 in Axes
  8623 | D:8      | Found a staircase to the Lair.
  8764 | D:8      | Noticed a two-headed ogre
  8772 | D:8      | Killed a two-headed ogre
  8772 | D:8      | Reached ** piety under Okawaru
  8772 | D:8      | Gained mutation: You have large cloven feet. [demonic
                  | ancestry]
  8772 | D:8      | Reached XP level 10. HP: 47/76 MP: 10/10
  8970 | D:8      | Paralysed by a hornet for 1 turns
  9209 | D:8      | Reached *** piety under Okawaru
  9489 | D:9      | Found Vutyscha's Weapon Boutique.
  9518 | D:9      | Found Coet's Food Boutique.
  9587 | D:9      | Noticed Pikel
  9600 | D:9      | Killed Pikel
  9820 | D:9      | Reached skill level 10 in Axes
  9845 | D:9      | Reached **** piety under Okawaru
  9889 | D:9      | Slain by a yak

Vault maps used:
D:1:      dpeg_arrival_rooms_b
D:2:      chequers_ecumenical_altar_simple_redux, uniq_robin
D:3:      cheibrodos_fertilizer, chequers_temple_overflow_minitemple,
          kennysheep_jessica_study, uniq_jessica, uniq_natasha
D:4:      kennysheep_little_box, makhleb_altar_promises_db, uniq_duvessa
D:5:      first_ration, basic_altar, uniq_sigmund
D:6:      serial_shops, shop, kennysheep_big_empty_room
D:7:      minmay_temple_entry_poolview, chequers_ossuary_entry_cave,
          serial_shops, shop_fountains
D:8:      erik_lair_dragon
D:9:      argonaut_augean_stables, basic_altar, serial_shops, shop,
          nicolae_shop_behind_doors, shop_fountains, shop, shop_fountains,
          uniq_pikel
Temple:   nicolae_temple_x_marks_the_god
Ossuary:  ossuary_tomb_2

Skill      XL: |  1  2  3  4  5  6  7  8  9 10 |
---------------+-------------------------------+-----
Axes           | 2 3 4 5 7 9 10 | 10.2
Shields        | 3 4 5 6 7 |  7.0
Armour         | 3 4 5 6 7 |  7.1
Dodging        | 1 2 3 |  3.3
Fighting       | 4 5 6 |  6.8
Stealth        | 1 2 |  2.0

Action                   |  1- 3 |  4- 6 |  7- 9 | 10-12 || total
-------------------------+-------+-------+-------+-------++-------
Melee: War axe           |    96 |   199 |   561 |   212 ||  1068
  Use: Potion            |       |       |     1 |       ||     1
       Scroll            |       |       |     8 |       ||     8
 Stab: Distracted        |       |       |     2 |     3 ||     5
  Eat: Chunk             |     1 |     9 |    17 |     3 ||    30
Armor: Scale mail        |    52 |    58 |       |       ||   110
       Chain mail        |       |    13 |   284 |    73 ||   370
Dodge: Dodged            |    32 |    83 |   159 |    44 ||   318
Block: Shield            |    60 |   108 |   254 |    93 ||   515

Table legend:
 A = Non-vault XP
 B = Vault XP
 C = Vault XP percentage of total XP
 D = Non-vault monster count
 E = Vault monster count
 F = Vault count percentage of total count
                 A         B        C        D         E       F
            +---------+---------+-------+---------+---------+-------
      Total |    6205 |    3925 |  38.7 |     184 |      73 |  28.4
            +---------+---------+-------+---------+---------+-------
        D:1 |      30 |       0 |   0.0 |      19 |       0 |   0.0
        D:2 |      85 |      34 |  28.6 |      19 |      11 |  36.7
        D:3 |     116 |     215 |  65.0 |      20 |      21 |  51.2
        D:4 |     443 |     174 |  28.2 |      20 |       2 |   9.1
        D:5 |    1125 |     199 |  15.0 |      35 |       1 |   2.8
        D:6 |     507 |       0 |   0.0 |      10 |       0 |   0.0
        D:7 |     788 |       0 |   0.0 |      15 |       0 |   0.0
        D:8 |    2485 |     972 |  28.1 |      31 |       5 |  13.9
        D:9 |     626 |    2160 |  77.5 |      15 |       9 |  37.5
    Ossuary |       0 |     171 | 100.0 |       0 |      24 | 100.0
            +---------+---------+-------+---------+---------+-------
